[Event "*** SCC Grand Prix: Titled Tuesday Blitz"]
[Site "Chess.com"]
[Date "2020.08.11"]
[Round "3"]
[White "NateSolon"]
[Black "Valeron87"]
[Result "0-1"]
[WhiteElo "2521"]
[BlackElo "2353"]
[TimeControl "180+1"]
[EndTime "10:28:57 PDT"]
[Termination "Valeron87 won by checkmate"]

1. d4 d5 2. c4 e6 3. Nc3 c6 4. e3 f5 5. Nf3 Nf6 6. Bd3 Bd6 7.
O-O O-O 8. Qc2 Ne4 9. b3 b6 10. Bb2 Bb7 11. Rac1 Nd7 12. Ne2 Rc8 13. Ne5 c5 14. f3 cxd4 15. exd4 Nxe5 16. dxe5 Bc5+ 17. Kh1 Nf2+ 18. Rxf2 Bxf2 19. Nf4 Qh4 20. Nxe6 Bg3 21. h3 Rfe8 22. Bxf5 dxc4 23. bxc4 g6 24. Bg4 Bd5 25. cxd5 Rxc2 26. Rxc2 h5 27. Nc7 Rxe5 28. Be6+ Kh7 29. Bxe5 Bxe5 30. Ne8 Qg3 31. Kg1 Qe1# 0-1

[Event "*** SCC Grand Prix: Titled Tuesday Blitz"]
[Site "Chess.com"]
[Date "2020.08.11"]
[Round "3"]
[White "onnoelgersma"]
[Black "jacky72"]
[Result "1-0"]
[WhiteElo "2419"]
[BlackElo "2611"]
[TimeControl "180+1"]
[EndTime "10:28:58 PDT"]
[Termination "onnoelgersma won by resignation"]

1. e4 e5 2. Nf3 Nc6 3. Bb5 a6 4. Ba4 Nf6 5. d3 b5 6. Bb3 Bc5 7. O-O d6 8. a3 h6 9. Nc3 g5 10. Nd5 g4 11. Nd2 h5 12. Kh1 h4 13. f4 exf4 14. Rxf4 Bd4 15. Qf1 Rh6 16. c3 Be5 17. Nxf6+ Rxf6 18. Rxf6 Qxf6 19. d4 Qxf1+ 20. Nxf1 Bf6 21.
Bf4 h3 22. Ne3 Na5 23. Bd5 c6 24. Ba2 Ke7 25. Rf1 Nb7 26. Bg3 hxg2+ 27. Kxg2 Bd7 28.
Nf5+ Bxf5 29. Rxf5 Rg8 30. Kf2 Rg7 31. Kg2 a5 32. Rf4 a4 33. Rf5 Bg5 34. Bf4 Bxf4 35. Rxf4 Na5 36. Kg3 Nc4 37. Bxc4 bxc4 38. Rxg4 Rh7 39.
Rf4 f6 40. h4 Rg7+ 41. Rg4 Rh7 42. Rg8 Ke6 43. Re8+ Kf7 44. Rc8 Rg7+ 45. Kh3 Rg1 46. Rxc6 Rb1 47. Rxc4 Rxb2 48. Rxa4 Rb3 49. Rc4 Rxa3 50.
Kg4 Ra1 51. h5 Rg1+ 52. Kf4 Rf1+ 53. Ke3 Rh1 54. Rc7+ Ke8 55. Rh7 Rh3+ 56. Kd2 Kf8 57. Kc2 Kg8 58. Rd7 d5 59. Rxd5 Kf7 60. Kb3 Ke6 61. Kc4 Rxh5 62. Rxh5 1-0

[Event "*** SCC Grand Prix: Titled Tuesday Blitz"]
[Site "Chess.com"]
[Date "2020.08.11"]
[Round "3"]
[White "nikitakhoroshev"]
[Black "Susal_De_Silva"]
[Result "1/2-1/2"]
[WhiteElo "2544"]
[BlackElo "2330"]
[TimeControl "180+1"]
[EndTime "10:29:00 PDT"]
[Termination "Game drawn by agreement"]

1. d4 Nf6 2. c4 e6 3. Nc3 Bb4 4. e3 O-O 5. Ne2 c6 6. a3 Ba5 7. g3 d5 8. b4 Bc7 9. c5 b6 10. f4 a5 11. Bd2 axb4 12. axb4 Rxa1 13. Qxa1 Na6 14. Qa4 b5 15. Qb3 Bd7 16. Bg2 Qe7 17. O-O Ra8 18. Ra1 Bc8 19. Ra3 Bb7 20. h3 Nd7 21.
Nc1 f5 22. Nd3 Qd8 23. Kf2 Nf6 24. Ne5 Bxe5 25. dxe5 Nd7 26. Ne2 Nc7 27. Nd4 Rxa3 28. Qxa3 Qa8 29. Qxa8+ Bxa8 30. g4 g6 31. Ke2 Kf7 32.
Kd3 Bb7 33. Be1 Na6 34. Kc3 Nf8 35. Bh4 Ke8 36. Bf6 Nc7 37. Bg7 Nd7 38. Bf3 Kf7 39.
Bh6 Ne8 40. Bg5 Ng7 41. Bd8 Ba8 42. Nb3 Ke8 43. Bg5 Kf7 44. Bh6 Ne8 45. Nd4 Nc7 46. Bg5 Bb7 47. Bd8 Na8 48. gxf5 exf5 49. Ba5 Nf8 50.
Kd2 Ne6 51. Ke2 Nxd4+ 52. exd4 Bc8 53. Kf2 Be6 54. Kg3 h6 55. h4 h5 56. Be2 Bd7 57.
Kf3 Ke6 58. Ke3 Be8 59. Bd3 Bd7 1/2-1/2

[Event "*** SCC Grand Prix: Titled Tuesday Blitz"]
[Site "Chess.com"]
[Date "2020.08.11"]
[Round "3"]
[White "GMKrikor"]
[Black "Nemsko"]
[Result "1-0"]
[WhiteElo "2732"]
[BlackElo "2344"]
[TimeControl "180+1"]
[EndTime "10:29:01 PDT"]
[Termination "GMKrikor won by resignation"]

1. e4 e5 2. Bc4 Nc6 3. Nc3 Nf6 4. d3 Be7 5. f4 d6 6. Nf3 Bg4 7. O-O Nd4 8. fxe5 Bxf3 9. gxf3 dxe5 10. f4 Qd6 11.
Kh1 O-O-O 12. fxe5 Qxe5 13. Bf4 Qh5 14. e5 Qxd1 15.
Raxd1 Nh5 16. Bc1 Nxc2 17. Bxf7 g6 18. Nd5 Bc5 19. Bg5 Rdf8 20. e6 c6 21. e7 Rxf7 22.
Rxf7 cxd5 23. Rc1 Kd7 24. Rxc2 Ke6 25. Rxh7 Ng3+ 26. Kg2 Rxh7 27. e8=Q+ 1-0

[Event "*** SCC Grand Prix: Titled Tuesday Blitz"]
[Site "Chess.com"]
[Date "2020.08.11"]
[Round "3"]
[White "Sesleria"]
[Black "AttilaTurzo"]
[Result "0-1"]
[WhiteElo "1961"]
[BlackElo "2456"]
[TimeControl "180+1"]
[EndTime "10:29:01 PDT"]
[Termination "AttilaTurzo won by resignation"]

1. e4 c5 2. Nf3 d6 3. d4 cxd4 4. Nxd4 Nf6 5. Nc3 a6 6. h3 e5 7. Nb3 Be7 8. g4 h6 9. Bg2 Be6 10. Be3 Nbd7 11. Qd2 Nb6 12. Nd5 Bxd5 13. exd5 Nc4 14.
Qc3 Nxe3 15. Qxe3 Nd7 16. O-O Bg5 17. f4 Bf6 18. fxe5 Bxe5 19. Nd4 Qg5 20. Qe2 O-O 21. Nf5 Rae8 22. Qc4 g6 23. h4 Qd8 24. Nxh6+ Kg7 25.
g5 Qb6+ 26. Kh1 Rc8 27. Qb3 Qxb3 28. cxb3 Bxb2 29. Rad1 Ne5 30. Rf2 Bc1 31. Bh3 Rc3 32. Kg2 Be3 33. Rf3 Rc2+ 34. Kg3 Nxf3 35. Kxf3 Bf2 36. Ng4 Bxh4 37. Ne3 Rc3 38. Rg1 Re8 0-1

[Event "*** SCC Grand Prix: Titled Tuesday Blitz"]
[Site "Chess.com"]
[Date "2020.08.11"]
[Round "3"]
[White "adotand"]
[Black "volcanoexplorer"]
[Result "0-1"]
[WhiteElo "2785"]
[BlackElo "2622"]
[TimeControl "180+1"]
[EndTime "10:29:02 PDT"]
[Termination "volcanoexplorer won by resignation"]

1. d4 Nf6 2. Nf3 e6 3. c4 d5 4. g3 Bb4+ 5. Bd2 Be7 6. Bg2 O-O 7. O-O c6 8. Na3 Nbd7 9. Rc1 Ne4 10. Be3 b6 11. Ne1 f5 12. Nd3 Bb7 13. Nb1 Rc8 14.
b3 Qe8 15. Nc3 c5 16. cxd5 exd5 17. Nf4 Ndf6 18. dxc5 Bxc5 19. Bxc5 bxc5 20. Na4 Qe7 21. Qc2 c4 22. Qb2 Rfd8 23. Rfd1 Bc6 24. Nc3 Nxf2 25. Ncxd5 Nxd5 26. Nxd5 Qc5 27. e3 Nxd1 28. Rxd1 Bxd5 29. Re1 c3 30. Qc2 Bxg2 31. Kxg2 Qd5+ 32. Kg1 Qd2 33.
Rc1 Qxc2 34. Rxc2 Rd2 35. Rc1 c2 0-1

[Event "*** SCC Grand Prix: Titled Tuesday Blitz"]
[Site "Chess.com"]
[Date "2020.08.11"]
[Round "3"]
[White "GameOverBro"]
[Black "abhidabhi"]
[Result "0-1"]
[WhiteElo "2460"]
[BlackElo "2790"]
[TimeControl "180+1"]
[EndTime "10:29:03 PDT"]
[Termination "abhidabhi won on time"]

1. e4 e5 2. Nf3 Nc6 3. Bb5 a6 4. Ba4 Nf6 5. d4 exd4 6. O-O d6 7. Nxd4 Bd7 8. Nc3 Be7 9. Re1 O-O 10. Nxc6 Bxc6 11. Bxc6 bxc6 12. Bf4 Nd7 13. Qg4 Bf6 14. Re3 Re8 15. Rae1 Rb8 16. b3 Ne5 17. Bxe5 Bxe5 18. Ne2 g6 19. f4 Bg7 20. Ng3 Bd4 21. Qd1 Bxe3+ 22. Rxe3 Qf6 23. Ne2 Re7 24. Qd3 a5 25. a4 Rbe8 26. g3 c5 27. Kf2 Qe6 28. Nc3 c6 29.
Re2 Kg7 30. Kg2 f5 31. exf5 Qxf5 32. Rxe7+ Rxe7 33. Qxd6 Qxc2+ 34. Kh3 Qf5+ 35. Kg2 Re3 36. Qc7+ Kh6 37. Nd1 Qc2+ 38. Nf2 Re2 39. Kh3 Rxf2 0-1

[Event "*** SCC Grand Prix: Titled Tuesday Blitz"]
[Site "Chess.com"]
[Date "2020.08.11"]
[Round "3"]
[White "dopolian"]
[Black "Terao90"]
[Result "0-1"]
[WhiteElo "2521"]
[BlackElo "2326"]
[TimeControl "180+1"]
[EndTime "10:29:04 PDT"]
[Termination "Terao90 won by resignation"]

1. e4 c5 2. Nf3 Nc6 3. d4 cxd4 4.
Nxd4 g6 5. c4 Nf6 6. Nc3 d6 7. Be2 Nxd4 8. Qxd4 Bg7 9. O-O O-O 10.
Qe3 a5 11. f3 a4 12. Bd2 Be6 13. b3 axb3 14. axb3 Nd7 15. Rxa8 Qxa8 16. Nb5 Qa2 17.
Nd4 Nc5 18. b4 Bxd4 19. Qxd4 Nb3 20. Qc3 Qxd2 21. Qxd2 Nxd2 22. Rc1 Rc8 23. c5 dxc5 24. bxc5 Nb3 25. Rb1 Nxc5 26. Rb5 Bd7 27. Rb6 Bc6 28. Kf2 e5 29. Rb2 Kf8 30. Ra2 Ke7 31. Ke3 f6 32. h4 Nb3 33. Rb2 Nd4 34. Bc4 Ra8 35.
Kf2 b5 36. Bf1 Ra3 37. h5 gxh5 38. Rb1 Ra2+ 39. Kg3 Ra4 40. Kh4 b4 41. Kxh5 b3 42.
Kh6 Ra2 43. Kxh7 b2 44. Bc4 Ra4 45. Bd3 Rb4 46. Kg6 Bb5 47. Bxb5 Nxb5 0-1

[Event "*** SCC Grand Prix: Titled Tuesday Blitz"]
[Site "Chess.com"]
[Date "2020.08.11"]
[Round "3"]
[White "maxip32"]
[Black "GAusal"]
[Result "0-1"]
[WhiteElo "2466"]
[BlackElo "2156"]
[TimeControl "180+1"]
[EndTime "10:29:05 PDT"]
[Termination "GAusal won by resignation"]

1. e4 c5 2. Nf3 d6 3. d4 cxd4 4. Nxd4 Nf6 5. Nc3 g6 6. Be3 Bg7 7. f3 O-O 8. Qd2 Nc6 9. g4 Nxd4 10. Bxd4 Be6 11. h4 h5 12. g5 Nd7 13. O-O-O Bxd4 14. Qxd4 Qb6 15. Qd2 Ne5 16. Be2 Rac8 17. f4 Nc4 18.
Bxc4 Rxc4 19. Rhf1 Qa5 20. Kb1 Rxe4 21. a3 Rc4 22. f5 Bxf5 23. Nd5 Bxc2+ 24. Ka1 Qxd2 25. Nxe7+ Kg7 26. Rxd2 Ba4 27. Rxd6 Rxh4 28. Nd5 Bb3 29.
Nf6 Be6 30. Rc1 Rh2 31. a4 Rg2 32. a5 Rxg5 33. Ne4 Rxa5+ 34. Kb1 Bf5 0-1

[Event "*** SCC Grand Prix: Titled Tuesday Blitz"]
[Site "Chess.com"]
[Date "2020.08.11"]
[Round "3"]
[White "a3aki"]
[Black "ace_mar"]
[Result "0-1"]
[WhiteElo "2067"]
[BlackElo "2468"]
[TimeControl "180+1"]
[EndTime "10:29:05 PDT"]
[Termination "ace_mar won by checkmate"]

1. e4 e5 2. Bc4 Nf6 3. d3 c6 4.
Nc3 d5 5. Bb3 dxe4 6. Nxe4 Nxe4 7.
dxe4 Qxd1+ 8. Kxd1 Bc5 9. Be3 Bxe3 10. fxe3 Nd7 11. c3 f6 12. Ne2 Nc5 13. Bc2 Bg4 14.
Ke1 O-O-O 15. Rd1 Rxd1+ 16. Kxd1 Rd8+ 17. Ke1 Nd3+ 18. Bxd3 Rxd3 19. h3 Bh5 20. g4 Bg6 21. Kf2 Bxe4 22. Re1 Rd2 23. b4 Bd3 24. Kf3 Bxe2+ 25.
Rxe2 Rxe2 26. Kxe2 Kd7 27. Kf3 Ke6 28. Ke4 g6 29. c4 f5+ 30. gxf5+ gxf5+ 31. Kf3 b6 32. e4 fxe4+ 33. Kxe4 Kf6 34. h4 h5 35. a4 Ke6 36. b5 c5 37. Kd3 Kf5 38. Ke3 e4 39.
Kf2 Kf4 40. Ke2 e3 41. Ke1 Ke4 42. Ke2 Kd4 43. a5 bxa5 44. b6 axb6 45. Kf3 Kd3 46. Kf4 e2 47. Kf5 e1=Q 48. Kg6 Kxc4 49. Kf6 Qxh4+ 50. Kf5 Qg4+ 51. Ke5 h4 52. Kd6 h3 53. Kc6 h2 54. Kb7 h1=Q+ 55. Ka6 Qa8+ 56. Kxb6 Qe6+ 57. Kc7 Qec6# 0-1

[Event "*** SCC Grand Prix: Titled Tuesday Blitz"]
[Site "Chess.com"]
[Date "2020.08.11"]
[Round "3"]
[White "IMHansNiemann"]
[Black "VishnuPrasanna"]
[Result "1/2-1/2"]
[WhiteElo "2921"]
[BlackElo "2686"]
[TimeControl "180+1"]
[EndTime "10:29:06 PDT"]
[Termination "Game drawn by repetition"]

1. d4 d5 2. Nc3 Nf6 3. Bf4 e6 4. e3 a6 5. Nf3 Bd6 6. Bd3 b5 7. O-O Bb7 8. a3 Nbd7 9. Ne2 Nf8 10. c3 Ng6 11. Bxd6 cxd6 12. a4 Bc6 13. axb5 Bxb5 14. Bxb5+ axb5 15. Qb3 O-O 16. Nd2 Qd7 17. Rfb1 Ne7 18.
Nc1 Ne4 19. Qc2 Nxd2 20. Qxd2 Ra4 21. b3 Raa8 22. Nd3 Qb7 23. Qb2 Nc6 24. h3 h6 25.
Kh2 Qb6 26. Ra2 b4 27. c4 dxc4 28. bxc4 Rxa2 29. Qxa2 e5 30. d5 e4 31. dxc6 exd3 32. Qd2 Rb8 33. Qxd3 Qxc6 34. Rb3 Qc5 35. Qd4 Rc8 36. Qd2 Rb8 37. Qd4 Kf8 38. Kg1 Rc8 39.
Qd2 Rb8 40. Qd4 Rc8 41. Qd2 Rb8 42. Qd4 1/2-1/2

[Event "*** SCC Grand Prix: Titled Tuesday Blitz"]
[Site "Chess.com"]
[Date "2020.08.11"]
[Round "3"]
[White "anskam"]
[Black "GiantThresher"]
[Result "0-1"]
[WhiteElo "1537"]
[BlackElo "2720"]
[TimeControl "180+1"]
[EndTime "10:29:06 PDT"]
[Termination "GiantThresher won by checkmate"]

1. e4 e6 2. d4 d5 3. Nc3 Bb4 4. e5 c5 5. a3 Bxc3+ 6. bxc3 Ne7 7. f4 Qc7 8. Bd2 b6 9. Qg4 O-O 10. Bd3 Ba6 11. Nh3 Bxd3 12. cxd3 cxd4 13. cxd4 Nf5 14. O-O Nc6 15. Ng5 Ncxd4 16. Rfc1 Qe7 17. h4 Rfc8 18. h5 h6 19. Nf3 Ne2+ 20. Kh2 Nxc1 21. Rxc1 Qxa3 22. Rxc8+ Rxc8 23. Nh4 Qxd3 24. Bb4 Rc4 25.
Bd6 b5 26. Nf3 Qe4 27. Nd2 Qxf4+ 28. Qxf4 Rxf4 29. Nb3 Rh4+ 30. Kg1 Rxh5 31. Nc5 b4 32. Kf2 Rh4 33. Kf3 Rc4 34. g4 Nd4+ 35. Ke3 b3 36.
Na4 Rxa4 37. Kd3 b2 38. Kd2 b1=Q 39. g5 Ra2+ 40. Kc3 Qb3+ 41. Kxd4 Qc4+ 42. Ke3 Re2+ 43. Kf3 Qe4+ 44. Kg3 Rg2+ 45. Kh3 Qg4# 0-1

[Event "*** SCC Grand Prix: Titled Tuesday Blitz"]
[Site "Chess.com"]
[Date "2020.08.11"]
[Round "3"]
[White "politeplayer"]
[Black "Parhamov"]
[Result "0-1"]
[WhiteElo "2222"]
[BlackElo "3066"]
[TimeControl "180+1"]
[EndTime "10:29:06 PDT"]
[Termination "Parhamov won on time"]

1. e4 c5 2. Nf3 Nc6 3. d4 cxd4 4.
Nxd4 e5 5. Nb5 d6 6. N1c3 a6 7.
Na3 Be6 8. Nc4 Rb8 9. Ne3 Nf6 10.
Bd3 Be7 11. O-O O-O 12. Ncd5 Nd7 13. Nxe7+ Qxe7 14. Nd5 Bxd5 15. exd5 Nb4 16. Be2 Nf6 17. Bg5 h6 18. Bxf6 Qxf6 19. c3 e4 20. cxb4 Qxb2 21. Rb1 Qxa2 22. b5 Rbc8 23. bxa6 bxa6 24. Ra1 Qb2 25. Bxa6 Rc2 26. Rb1 Qa2 27. Ra1 Qb2 28. Rb1 Qa2 29. Ra1 Qb3 30. Rb1 Qc3 31. Bb7 Rb8 32. Bc6 Rxb1 33. Qxb1 e3 34. fxe3 Qd2 35. Qxc2 Qxc2 36. h3 Qe2 37. Rf3 g6 38. Kh2 f5 39.
Kh1 Kg7 40. Kh2 Kf6 41. Bd7 Ke5 42. Be6 h5 43. Rg3 Kf6 44. h4 Qe1 45. Bg8 Qb4 46.
Kh3 Kg7 0-1

[Event "*** SCC Grand Prix: Titled Tuesday Blitz"]
[Site "Chess.com"]
[Date "2020.08.11"]
[Round "3"]
[White "m_ezat"]
[Black "ketster"]
[Result "1-0"]
[WhiteElo "2594"]
[BlackElo "2381"]
[TimeControl "180+1"]
[EndTime "10:29:06 PDT"]
[Termination "m_ezat won by resignation"]

1. d4 Nf6 2. c4 e6 3. Nc3 Bb4 4. e3 O-O 5. a3 Bxc3+ 6. bxc3 c5 7. Bd3 Nc6 8. Ne2 b6 9. O-O Ba6 10. e4 Ne8 11. Ng3 Na5 12. f4 Bxc4 13. Bxc4 Nxc4 14.
f5 d5 15. f6 gxf6 16. Bh6 Qe7 17. exd5 Kh8 18. Bxf8 Qxf8 19. dxe6 fxe6 20. Qe2 Ned6 21. Qxe6 Re8 22. Qxf6+ Qxf6 23. Rxf6 Re3 24. dxc5 bxc5 25. Raf1 Ne4 26. Rf8+ Kg7 27. Nf5+ Kg6 28. Rg8+ Kf7 29. Nxe3+ Kxg8 30. Nxc4 Nxc3 31. Ne5 Ne2+ 32. Kf2 Nd4 33. Rc1 Nb3 34. Rc3 Nd4 35. Rxc5 1-0

[Event "*** SCC Grand Prix: Titled Tuesday Blitz"]
[Site "Chess.com"]
[Date "2020.08.11"]
[Round "3"]
[White "Panterov"]
[Black "Lupul_Cenusiu"]
[Result "0-1"]
[WhiteElo "2211"]
[BlackElo "2504"]
[TimeControl "180+1"]
[EndTime "10:29:06 PDT"]
[Termination "Lupul_Cenusiu won by resignation"]

1. e4 c5 2. b3 a6 3. Bb2 Nc6 4. g3 Nf6 5. Bg2 e5 6. Ne2 d6 7.
O-O Be7 8. f4 O-O 9. f5 d5 10. exd5 Nxd5 11. Nbc3 Nf6 12. Ne4 Nd4 13. c4 Rb8 14. Bxd4 cxd4 15. Nxf6+ Bxf6 16. d3 Bg5 17. h4 Be3+ 18. Kh2 b5 19. Be4 Rb6 20. Ng1 Rh6 21. Nh3 Bd7 22. Qf3 Qa5 23. Qg2 g5 24. hxg5 Bxg5 25.
Rf3 Kh8 26. Kg1 Be3+ 27. Kf1 bxc4 28. dxc4 Rg8 29. Re1 Rg4 30. Rfxe3 dxe3 31. Rxe3 Rd6 32.
Rd3 Rxd3 33. Bxd3 Rd4 34. f6 Qd8 35. Ng5 Qxf6+ 36. Ke2 Bg4+ 37. Nf3 Bxf3+ 38. Qxf3 Qxf3+ 0-1

[Event "*** SCC Grand Prix: Titled Tuesday Blitz"]
[Site "Chess.com"]
[Date "2020.08.11"]
[Round "3"]
[White "Iball95"]
[Black "canary2016"]
[Result "1-0"]
[WhiteElo "2711"]
[BlackElo "1866"]
[TimeControl "180+1"]
[EndTime "10:29:06 PDT"]
[Termination "Iball95 won by checkmate"]

1. d4 d5 2. Bf4 Nf6 3. e3 e6 4. Nf3 Bd6 5. Nbd2 Bxf4 6. exf4 Qd6 7. g3 O-O 8. Bd3 c5 9. c3 b6 10. Qe2 Nc6 11. O-O Bb7 12. Rfe1 Rac8 13. Rad1 Rc7 14. a3 Rfc8 15. h4 cxd4 16. cxd4 Na5 17. Ne5 Nd7 18.
Bxh7+ Kf8 19. Bd3 Nxe5 20. fxe5 Qe7 21. Qh5 Ke8 22. Nf3 Nc4 23. Re2 Kd7 24. Ng5 Rf8 25. Rc2 Kd8 26. Rdc1 Rc8 27. Qe2 Na5 28. Rxc8+ Bxc8 29. Ba6 Bxa6 30. Qxa6 Nc4 31. b3 f6 32. Nh7 Rh8 33.
bxc4 Rxh7 34. cxd5 Qd7 35. dxe6 Qxe6 36. Qxa7 fxe5 37.
Qb8+ Ke7 38. Rc7+ Kf6 39. dxe5+ Kg6 40. Rb7 Qg4 41. Rxb6+ Kf5 42. Qc8+ Kxe5 43. Qxg4 g6 44. Re6+ Kd5 45. Qe4+ Kc5 46. Rc6+ Kb5 47. Qc4+ Ka5 48.
Ra6# 1-0

[Event "*** SCC Grand Prix: Titled Tuesday Blitz"]
[Site "Chess.com"]
[Date "2020.08.11"]
[Round "3"]
[White "lider34"]
[Black "AlanZhang"]
[Result "1-0"]
[WhiteElo "2389"]
[BlackElo "2180"]
[TimeControl "180+1"]
[EndTime "10:29:07 PDT"]
[Termination "lider34 won by checkmate"]

1. e4 e5 2. Nc3 Nc6 3. g3 Bc5 4. Bg2 a6 5. Nge2 d6 6. O-O Nge7 7. d3 O-O 8. h3 f5 9. Kh2 Rb8 10. f4 Ba7 11. a4 fxe4 12. dxe4 Be6 13. f5 Bf7 14. f6 gxf6 15. Bh6 Re8 16. Rxf6 Ng6 17. Bg5 Qd7 18. h4 Nd4 19. Nxd4 Bxd4 20. Bh3 Be6 21.
Bxe6+ Rxe6 22. Qg4 Re7 23. Qf3 Bxc3 24. bxc3 Rf7 25.
h5 Rxf6 26. Bxf6 Nf8 27. Rf1 Re8 28. Qe3 Ne6 29. Qh6 Rf8 30. Rf5 Rf7 31. g4 c6 32. g5 b5 33. g6 hxg6 34. Qh8# 1-0

[Event "*** SCC Grand Prix: Titled Tuesday Blitz"]
[Site "Chess.com"]
[Date "2020.08.11"]
[Round "3"]
[White "Alexey_Spirin"]
[Black "Chessalary"]
[Result "0-1"]
[WhiteElo "2028"]
[BlackElo "2291"]
[TimeControl "180+1"]
[EndTime "10:29:07 PDT"]
[Termination "Chessalary won by resignation"]

1. e4 c5 2. Nf3 d6 3. Bb5+ Bd7 4.
Bxd7+ Qxd7 5. O-O Nc6 6. c3 g6 7. d4 cxd4 8. cxd4 Bg7 9. Nc3 Nf6 10. Qe2 O-O 11. Rd1 Nh5 12. h3 Qc8 13. Bg5 Re8 14. Rac1 h6 15. Be3 Qd7 16. g4 Nf6 17. e5 Nxg4 18. hxg4 Qxg4+ 19. Kf1 dxe5 20. dxe5 Nxe5 21. Nxe5 Qh3+ 22. Ke1 Bxe5 23. Rd5 Bxc3+ 24. Rxc3 Qh1+ 25. Qf1 Qxd5 26. Qh3 Rad8 27. Rc1 Qh5 0-1

[Event "*** SCC Grand Prix: Titled Tuesday Blitz"]
[Site "Chess.com"]
[Date "2020.08.11"]
[Round "3"]
[White "Sashadav97"]
[Black "Alindsay211"]
[Result "1-0"]
[WhiteElo "2582"]
[BlackElo "2355"]
[TimeControl "180+1"]
[EndTime "10:29:08 PDT"]
[Termination "Sashadav97 won on time"]

1. d4 Nf6 2. c4 g6 3. Nc3 d5 4. cxd5 Nxd5 5. e4 Nxc3 6. bxc3 Bg7 7. Nf3 c5 8. Bb5+ Bd7 9. Be2 O-O 10. O-O Nc6 11.
d5 Ne5 12. Nxe5 Bxe5 13. Be3 Qc7 14. h3 Rad8 15. Rc1 b6 16. c4 Bc6 17. f4 Bg7 18. Qb3 Ba8 19. Rcd1 e6 20. Bf3 Kh8 21. Kh1 exd5 22.
cxd5 c4 23. Qc2 c3 24. e5 f6 25. d6 Qd7 26. Bxa8 Rxa8 27. Qxc3 fxe5 28. fxe5 Rxf1+ 29.
Rxf1 Re8 30. Bd4 Qe6 31. Rf4 h5 32. Qd3 Rc8 33. Rf1 Re8 34. Ba1 Rd8 35. Qe3 Rxd6 36.
exd6 Qxe3 37. d7 Qd3 38. Rf8+ 1-0

[Event "*** SCC Grand Prix: Titled Tuesday Blitz"]
[Site "Chess.com"]
[Date "2020.08.11"]
[Round "3"]
[White "Borsuk_Konstantin"]
[Black "PIwan"]
[Result "0-1"]
[WhiteElo "2554"]
[BlackElo "2467"]
[TimeControl "180+1"]
[EndTime "10:29:08 PDT"]
[Termination "PIwan won on time"]

1. d4 d5 2. c4 dxc4 3. Nf3 Nf6 4. e3 b5 5. a4 b4 6. Bxc4 e6 7. Nbd2 Bb7 8. Qe2 Be7 9. O-O O-O 10. e4 c5 11. e5 Nd5 12. Ne4 cxd4 13. Nxd4 Nd7 14. Ng3 Qc7 15. Bxd5 Bxd5 16. Bf4 a6 17. a5 Qb7 18. Qg4 Kh8 19. Ngf5 exf5 20. Nxf5 g5 21. Rfd1 Be6 22. Bxg5 Bxg5 23. Rxd7 Qxd7 24. Qxg5 Bxf5 25.
h4 Rg8 26. Qf6+ Rg7 27. h5 Qe6 28. Qh4 Rag8 29. g3 Rg4 0-1

[Event "*** SCC Grand Prix: Titled Tuesday Blitz"]
[Site "Chess.com"]
[Date "2020.08.11"]
[Round "3"]
[White "Fandorine"]
[Black "Angel_Hranitel_37"]
[Result "1-0"]
[WhiteElo "2891"]
[BlackElo "2451"]
[TimeControl "180+1"]
[EndTime "10:29:09 PDT"]
[Termination "Fandorine won by resignation"]

1. e4 c5 2. b3 e6 3. Bb2 b6 4. f4 Bb7 5. Nc3 Nc6 6. Nf3 Nh6 7.
Qe2 f5 8. O-O-O Be7 9. d3 Bf6 10. g3 Nd4 11. Nxd4 Bxd4 12. Bg2 O-O 13. Kb1 Ng4 14.
Nb5 Bxb2 15. Kxb2 Bc6 16. Nc3 b5 17. h3 Nf6 18. exf5 Bxg2 19. Qxg2 b4 20. Ne4 exf5 21.
Nd6 a5 22. g4 a4 23. g5 axb3 24. cxb3 Nh5 25. Rhf1 Qb6 26. Qd5+ Kh8 27. Nf7+ Kg8 28. Nh6+ Kh8 29. Qg8+ 1-0

[Event "*** SCC Grand Prix: Titled Tuesday Blitz"]
[Site "Chess.com"]
[Date "2020.08.11"]
[Round "3"]
[White "FMalexhdez"]
[Black "smshk35"]
[Result "0-1"]
[WhiteElo "2192"]
[BlackElo "2494"]
[TimeControl "180+1"]
[EndTime "10:29:09 PDT"]
[Termination "smshk35 won on time"]

1. e4 c5 2. Nf3 e6 3. d4 cxd4 4. Nxd4 a6 5. c4 Nf6 6. Nc3 Bb4 7. Bd3 Nc6 8. Nc2 Bxc3+ 9. bxc3 O-O 10. O-O d6 11.
Bg5 h6 12. Bh4 e5 13. Ne3 Be6 14. Nd5 g5 15. Bg3 Bxd5 16. exd5 Nb8 17. Qf3 Nbd7 18.
h4 Nc5 19. hxg5 hxg5 20. Bf5 Kg7 21. Qe3 Nh5 22. Bxe5+ dxe5 23. Qxc5 Qf6 24. Bg4 Nf4 25. g3 Rh8 26. Qe3 Qh6 27. Qxe5+ Kg8 28. Qxh8+ Kxh8 29. gxf4 Qh4 30. Bf3 Kg7 31. Kg2 g4 32. Be4 Qh3+ 33. Kg1 Rh8 34. Rfe1 g3 35. Bg2 Qh2+ 36. Kf1 gxf2 37.
Kxf2 Qxf4+ 38. Kg1 Qh2+ 39. Kf2 Rh6 40. Re3 Rg6 41.
Rg1 Rf6+ 42. Rf3 Rxf3+ 0-1

[Event "*** SCC Grand Prix: Titled Tuesday Blitz"]
[Site "Chess.com"]
[Date "2020.08.11"]
[Round "3"]
[White "Sultanasharminshirin"]
[Black "crossingthestreet"]
[Result "0-1"]
[WhiteElo "2024"]
[BlackElo "2403"]
[TimeControl "180+1"]
[EndTime "10:29:09 PDT"]
[Termination "crossingthestreet won on time"]

1. d4 Nf6 2. c4 e6 3. Nc3 Bb4 4. Nf3 d5 5. Bg5 h6 6. Bh4 dxc4 7. e3 b5 8. a4 c6 9. Nd2 Bxc3 10. bxc3 Nbd7 11. axb5 cxb5 12. Qf3 Nb6 13. Bxf6 gxf6 14. e4 Bb7 15. Qf4 a6 16. Be2 Nd7 17. O-O Rc8 18. Bh5 Qc7 19. Qg4 Ke7 20. f4 Rcg8 21.
Qh4 Kf8 22. Rf2 a5 23. f5 e5 24. d5 Qb6 25. Be2 Nc5 26. Kh1 Rg5 27. Nf3 Rg7 28.
Nd2 Ba6 29. Rb1 Qd6 0-1

[Event "*** SCC Grand Prix: Titled Tuesday Blitz"]
[Site "Chess.com"]
[Date "2020.08.11"]
[Round "3"]
[White "Batsai"]
[Black "DonBroca"]
[Result "1-0"]
[WhiteElo "2332"]
[BlackElo "2114"]
[TimeControl "180+1"]
[EndTime "10:29:09 PDT"]
[Termination "Batsai won on time"]

1. Nf3 Nf6 2. d4 g6 3. c4 Bg7 4. Nc3 d6 5. e4 O-O 6. Be2 Nbd7 7. d5 e5 8. Bg5 h6 9. Be3 Nh7 10. Nd2 f5 11. f3 Ndf6 12. O-O f4 13. Bf2 g5 14. c5 a6 15. Rc1 Kh8 16. cxd6 cxd6 17. Nc4 b5 18. Nb6 Rb8 19. Nxc8 Rxc8 20. Qb3 Qd7 21.
a4 g4 22. axb5 Rb8 23. b6 Nh5 24. fxg4 f3 25. gxh5 Ng5 26. Bh4 Qg4 27. Rf2 fxe2 28. Rxf8+ Bxf8 29. Bxg5 Qxg5 30. Nxe2 Be7 31. b7 Bd8 32.
Qf3 Rxb7 33. Qf8+ Qg8 34. Qxd6 Rg7 35. Qxh6+ Rh7 36. Qd6 Bg5 37. Qxe5+ Rg7 38. Rc7 Be3+ 39. Kh1 1-0

[Event "*** SCC Grand Prix: Titled Tuesday Blitz"]
[Site "Chess.com"]
[Date "2020.08.11"]
[Round "3"]
[White "enriquebutti"]
[Black "pirulillo"]
[Result "1/2-1/2"]
[WhiteElo "1811"]
[BlackElo "2231"]
[TimeControl "180+1"]
[EndTime "10:29:10 PDT"]
[Termination "Game drawn by repetition"]

1. d4 Nf6 2. Nf3 g6 3. c4 Bg7 4. Nc3 O-O 5. Bg5 d6 6. e3 c5 7. Be2 cxd4 8. Nxd4 d5 9. Bxf6 Bxf6 10. cxd5 Bg7 11. O-O Nd7 12. Qd2 Nf6 13. e4 Qb6 14. Rfd1 Rd8 15. h3 e6 16. Bf3 exd5 17.
exd5 a6 18. Rac1 Bd7 19. Nb3 Be8 20. d6 Bf8 21. Qf4 Bxd6 22. Qh6 Bf8 23. Qf4 Bg7 24. Na4 Qa7 25. Nac5 Rxd1+ 26. Rxd1 Rb8 27. Qc7 a5 28. Nxb7 a4 29. N3c5 Bf8 30. Rd8 Rxd8 31. Qxd8 Bxc5 32. Nxc5 Qxc5 33. Qxf6 a3 34. bxa3 Qxa3 35. Bd5 Qc1+ 36. Kh2 Qc7+ 37. f4 h5 38. Qe5 Qd8 39. f5 Kh7 40.
fxg6+ fxg6 41. Qe6 Qc7+ 42. g3 Qc2+ 43. Bg2 Ba4 44. Qe7+ Kh6 45. h4 Bc6 46. Qg5+ Kg7 47. Qe7+ Kh6 48. Qg5+ Kg7 49. Qe7+ Kh6 1/2-1/2

[Event "*** SCC Grand Prix: Titled Tuesday Blitz"]
[Site "Chess.com"]
[Date "2020.08.11"]
[Round "3"]
[White "TranJMinh"]
[Black "olksuna"]
[Result "1-0"]
[WhiteElo "2838"]
[BlackElo "2633"]
[TimeControl "180+1"]
[EndTime "10:29:13 PDT"]
[Termination "TranJMinh won by resignation"]

1. d4 Nf6 2. c4 e6 3. Nf3 d5 4. Nc3 c5 5. cxd5 Nxd5 6. e4 Nxc3 7.
bxc3 cxd4 8. cxd4 Bb4+ 9. Bd2 Bxd2+ 10. Qxd2 O-O 11. Bb5 b6 12. O-O Bb7 13. Rfe1 Nd7 14. Rad1 Nf6 15. Qf4 a6 16. Bd3 h6 17. d5 exd5 18. e5 Nd7 19. Qf5 g6 20. Qh3 Kg7 21. e6 fxe6 22. Nd4 Nc5 23. Rxe6 Rf6 24. Rde1 Qf8 25.
Re7+ Rf7 26. Ne6+ Nxe6 27. R7xe6 Rf6 28. Re7+ Kg8 29. Rxb7 Re8 30. Rf1 h5 31. Qd7 1-0